 Dungeon Crawl Stone Soup version 0.30-a0-140-gd1020e658a (webtiles) character file.

Game seed: 17870017045137957379

21256 ytrimaz the Executioner (level 12, -16/116 HPs)
             Began as a Hill Orc Fighter on Sept 24, 2022.
             Was a High Priest of Beogh.
             Demolished by a freezing wraith (21 damage)
             ... led by a death knight
             ... on level 13 of the Dungeon.
             The game lasted 00:21:15 (14228 turns).

ytrimaz the Executioner (Hill Orc Fighter)         Turns: 14228, Time: 00:21:15

Health: -16/116    AC: 12    Str: 24    XL:     12   Next: 88%
Magic:  12/12      EV: 11    Int:  8    God:    Beogh [*****.]
Gold:   866        SH:  5    Dex: 10    Spells: 11/11 levels left

rFire   . . .      SeeInvis .    k - +5 executioner's axe
rCold   . . .      Faith    .    (shield currently unavailable)
rNeg    . . .      Spirit   .    c - +0 troll leather armour
rPois   .          Reflect  +    h - +2 helmet
rElec   .          Harm     .    D - +0 cloak
rCorr   +          Rampage  +    (no gloves)
Will    .....                    d - +2 pair of boots {rampage}
Stlth   +.........               y - amulet of reflection
HPRegen 1.09/turn                S - +4 ring of slaying
MPRegen 0.13/turn                K - ring of resist corrosion

@: mighty, spiked, slowed, very slow
A: walk on water
a: Renounce Religion, Smiting, Recall Orcish Followers, Give Item to Named
Follower


You were on level 13 of the Dungeon.
You worshipped Beogh.
Beogh was extremely pleased with you.
You visited 1 branch of the dungeon, and saw 13 of its levels.

You collected 1166 gold pieces.
You spent 300 gold pieces at shops.


   Skills:
 + Level 13.9 Fighting
 + Level 22.1 Axes
 - Level 3.2 Armour
 - Level 3.2 Shields


You had 11 spell levels left.
You didn't know any spells.
Your spell library contained the following spells:

 Spells                   Type           Power      Damage    Failure   Level
 Scorch                   Fire           0%         2d5       58%         2
 Confusing Touch          Hex            0%         N/A       83%         3
 Frozen Ramparts          Ice            0%         1d1       83%         3
 Flame Wave               Conj/Fire      0%         2d4       99%         4
 Ice Form                 Ice/Tmut       0%         N/A       99%         4
 Summon Ice Beast         Ice/Summ       0%         N/A       99%         4
 Yara's Violent Unravell  Hex/Tmut       0%         3d3       100%        5
 Summon Cactus Giant      Summ           0%         N/A       100%        6
 Enfeeble                 Hex            0%         N/A       100%        7

Inventory:

Hand Weapons
 k - a +5 executioner's axe (weapon)
   (You found it on level 1 of the Dungeon)
 L - a +0 battleaxe
   (You found it on level 9 of the Dungeon)
Missiles
 I - 8 boomerangs (quivered)
 N - 3 throwing nets
Armour
 c - a +0 troll leather armour (worn)
   (You found it on level 7 of the Dungeon)
 d - a +2 pair of boots of rampaging (worn)
   (You bought it in a shop on level 5 of the Dungeon)
 h - a +2 helmet (worn)
   (You bought it in a shop on level 5 of the Dungeon)
 v - a +0 tower shield
   (You found it on level 3 of the Dungeon)
 D - a +0 cloak (worn)
   (You found it on level 4 of the Dungeon)
 M - a +0 plate armour
   (You found it on level 6 of the Dungeon)
 O - +0 steam dragon scales
   (You took it off Maggie on level 6 of the Dungeon)
Jewellery
 f - a ring of see invisible
   (You found it on level 12 of the Dungeon)
 y - an amulet of reflection (around neck)
   (You found it on level 4 of the Dungeon)
 K - a ring of resist corrosion (right hand)
   (You found it on level 5 of the Dungeon)
 S - a +4 ring of slaying (left hand)
   (You found it on level 8 of the Dungeon)
Wands
 x - a wand of polymorph (8)
   (You took it off a kobold brigand on level 9 of the Dungeon)
 B - a wand of roots (38)
   (You took it off a goblin on level 4 of the Dungeon)
 G - a wand of paralysis (15)
   (You found it on level 6 of the Dungeon)
 Q - a wand of flame (17)
   (You found it on level 7 of the Dungeon)
 U - a wand of quicksilver (3)
   (You found it on level 10 of the Dungeon)
Scrolls
 j - 3 scrolls of noise
 n - a scroll of blinking
 r - 6 scrolls of teleportation
 s - 3 scrolls of vulnerability
 C - 3 scrolls of magic mapping
 E - 4 scrolls of amnesia
 F - a scroll of poison
 P - a scroll of summoning
 R - a scroll of enchant armour
 Y - a scroll of fog
Potions
 e - 3 potions of ambrosia
 g - a potion of berserk rage {unknown}
 l - 4 potions of attraction
 m - 3 potions of curing
 o - a potion of heal wounds
 q - 3 potions of brilliance
 u - 3 potions of lignification
 w - 2 potions of mutation
 A - a potion of magic {unknown}
 H - a potion of resistance
 T - 3 potions of flight
 V - 2 potions of haste

Dungeon Overview and Level Annotations

Branches:
Dungeon (13/15) Zot: 26876  Temple (0/1) D:5            Lair (0/5) D:8
    Orc (0/2) D:11
 Vaults: D:13-14

Altars:
Gozag
Hepliaklqana
Makhleb
Trog

Shops:
D:4 *   D:5 [   D:6 *   D:11 ((

Annotations:
D:4 Dowan, Duvessa
D:12 1 transporter

#.........
#.........
#........!
##.........
##.>........
...[.......
#..z......
#.@p......
#.oW......
#.........
.........#
####.......
.....##
...........
.##$...
...........#.
.. .#.#
............


You could see a death knight, a skeletal warrior, a freezing wraith (ally
target) and the friendly Thorok the orc sorcerer.


Message History

😕 HP[+1] 😕 HP[+1] 😎 HP[+1]
Your hp is fully restored (116).
There is a stone staircase leading up here.
You climb upwards.
Level annotation: 1 transporter
There is a stone staircase leading down here.
Okay, then.
There is a stone staircase leading down here.
You climb downwards.
The death knight shouts!
The freezing wraith completely misses you.
The freezing wraith misses you. The wraith hits you but does no damage.
Found a chain mail, 2 potions of mutation and 17 gold pieces.
Found a stone staircase leading down.
There is a stone staircase leading up here.
Unknown command.
You feel very mighty all of a sudden.
Thorok hits the wraith with the +10 dagger of Cowardice {vorpal, rF+}.
The freezing wraith barely misses you.
The freezing wraith hits you but does no damage.
The manticore flicks its tail.
The volley of spikes hits you!
The barbed spikes become lodged in your body.
The wraith hits you but does no damage. x2 😕 HP[-8]
You take 8 damage, and now have 108/116 hp.
Unknown command.
You slice the wraith!! You barely miss the freezing wraith.
You slice the wraith!! You slash the death knight!
Thorok hits the wraith with the +10 dagger of Cowardice {vorpal, rF+}.
The wraith is destroyed!
Beogh accepts your kill. The freezing wraith closely misses you.
The freezing wraith hits you! The freezing wraith drains your vigour!
You feel yourself slow down.
The manticore flicks its tail.
The volley of spikes hits you!!
The barbed spikes become lodged in your body.
The death knight hits you with a +2 great sword!!
* * * LOW HITPOINT WARNING * * *
The wraith hits you but does no damage. 😨 HP[-61]
You take 61 damage, and now have 47/116 hp.
MASSIVE DAMAGE!! (PAUSE) Unknown command.
You slice the death knight!! You slice the wraith!!
You destroy the wraith!
Beogh accepts your kill.
You slash the freezing wraith!
The manticore flicks its tail.
The volley of spikes misses Thorok.
The volley of spikes misses you.
The death knight hits you with a +2 great sword!!
* * * LOW HITPOINT WARNING * * *
The freezing wraith hits you but does no damage.
The freezing wraith completely misses you. 😱 HP[-24]
You take 24 damage, and now have 23/116 hp.
MASSIVE DAMAGE!! (PAUSE) Unknown command.
The barbs in your skin will harm you if you move.
Continue?
Okay, then.
Unknown command.
Unknown command.
Okay, then.
As you read the scroll of fear, it crumbles to dust.
You assume a fearsome visage.
The death knight resists with almost no effort.
The freezing wraith is unaffected.
The skeletal warrior is unaffected.
The manticore looks frightened!
Thorok points at the freezing wraith and mumbles some strange words.
The freezing wraith resists with some effort.
The freezing wraith hits you but does no damage.
The freezing wraith hits you.
* * * LOW HITPOINT WARNING * * *
The freezing wraith drains your vigour!
You feel as though you will be slow longer.
The death knight hits you with a +2 great sword!
* * * LOW HITPOINT WARNING * * *
Thorok hits the freezing wraith but does no damage. 😱 HP[-16]
You take 16 damage, and now have 7/116 hp.
Unknown command.
Unknown command.
Unknown command.
You feel much better.
The skeletal warrior hits you with a +0 war axe.
* * * LOW HITPOINT WARNING * * *
The freezing wraith hits you but does no damage. x2
The death knight calls down the wrath of Yredelemnul upon you.
Your body is wracked with pain!
* * * LOW HITPOINT WARNING * * *
Thorok barely misses the freezing wraith.
You block the skeletal warrior's attack.
The freezing wraith hits you!
* * * LOW HITPOINT WARNING * * *
The freezing wraith freezes you!!
You die...

Skill      XL: |  1  2  3  4  5  6  7  8  9 10 11 12 |
---------------+-------------------------------------+-----
Axes           | 3 4 5 6 8 9 12 14 17 19 20 22 | 22.1
Fighting       | 8 11 13 | 13.9
Armour         | |  3.2
Shields        | |  3.2

Action                   |  1- 3 |  4- 6 |  7- 9 | 10-12 || total
-------------------------+-------+-------+-------+-------++-------
Melee: War axe           |    70 |   104 |   359 |       ||   533
       Executioner's axe |    75 |       |    15 |   379 ||   469
       Unarmed           |       |       |       |     7 ||     7
Invok: Convert to Beogh  |       |     1 |       |       ||     1
       Recall Orcish Fol |       |       |       |     2 ||     2
       Give Item to Name |       |       |       |     1 ||     1
  Use: Scroll            |     3 |     7 |     5 |     9 ||    24
       Potion            |       |     1 |    12 |     5 ||    18
 Stab: Distracted        |       |       |       |     1 ||     1
       Confused          |       |       |       |     1 ||     1
Armor: Scale mail        |    75 |    41 |   118 |    23 ||   257
       Skin              |       |       |     2 |       ||     2
       Steam dragon scal |       |       |     9 |       ||     9
       Troll leather arm |       |       |       |   175 ||   175
Dodge: Dodged            |    91 |    40 |   100 |   230 ||   461
Block: Buckler           |     9 |    29 |   139 |       ||   177
       Reflection        |       |       |     3 |     8 ||    11
       Other             |       |       |     6 |    93 ||    99

Levels and vault maps discovered:
D:1:      mushboom_english_gardens, layout_loops_ring
D:2:      layout_loops_corners, shapermc_ecumenical_altar_starsandcircs
D:3:      layout_basic, grunt_temple_overflow_diamond, uniq_natasha, uniq_robin
D:4:      minmay_razor_zed, layout_basic, serial_shops, nicolae_take_the_stairs,
          uniq_duvessa, uniq_edmund
D:5:      layout_basic, minmay_temple_entry_mini_moons, serial_shops, shop,
          grunt_decor_cap, uniq_grinder
D:6:      layout_basic, st_stairs_6, nicolae_elemental_shop, grunt_ministairs_5,
          uniq_prince_ribbit1, uniq_maggie
D:7:      layout_rooms, minmay_alternating_orb
D:8:      layout_gridville, erik_lair_orcish_takeover,
          kennysheep_generic_room_10, uniq_grum, uniq_psyche
D:9:      layout_long_grid, minmay_joined_circles, uniq_pikel
D:10:     layout_loops_cross, kennysheep_doodads, uniq_lodul
D:11:     layout_irregular_city, orc_david_3, serial_shops,
          nicolae_shop_bloodbath_and_beyond
D:12:     wad_woods_stonehenge, layout_irregular_city, hex_tiny,
          nicolae_diode_basic
D:13:     layout_rooms, grunt_vaults_entry_fortified, grunt_ministairs_14,
          minmay_rotating_lava

Notes
Turn   | Place    | Note
-------+----------+-------------------------------------------
     0 | D:1      | ytrimaz the Hill Orc Fighter began the quest for the Orb.
     0 | D:1      | Reached XP level 1. HP: 19/19 MP: 1/1
     0 | D:1      | magus.rc [v1.9.6]
    34 | D:1      | Reached skill level 3 in Axes
   320 | D:1      | Reached XP level 2. HP: 17/26 MP: 2/2
   528 | D:1      | You fall into a shaft and drop 1 floor!
   534 | D:2      | Reached skill level 4 in Axes
   735 | D:1      | Reached XP level 3. HP: 28/31 MP: 3/3
  1711 | D:2      | Reached skill level 5 in Axes
  1766 | D:2      | HP: 7/31 [poisoned by an adder]
  2115 | D:2      | Found a faded altar of an unknown god.
  2216 | D:2      | You pick up a book of Misfortune and begin reading...
  2216 | D:2      | You add the spells Confusing Touch, Yara's Violent
                  | Unravelling and Enfeeble to your library.
  2441 | D:3      | Reached XP level 4. HP: 36/39 MP: 4/4
  2443 | D:3      | Noticed Natasha
  2452 | D:3      | Killed Natasha
  2453 | D:3      | Reached skill level 6 in Axes
  2464 | D:3      | Noticed Robin
  2478 | D:3      | Killed Robin
  2755 | D:3      | Reached XP level 5. HP: 45/45 MP: 5/5
  2875 | D:3      | Noticed Natasha
  2880 | D:3      | Killed Natasha
  2881 | D:3      | Reached skill level 7 in Axes
  2957 | D:3      | Became a worshipper of Beogh the Brigand
  3013 | D:3      | Found an opulent altar of Gozag.
  3016 | D:3      | Found a bloodstained altar of Trog.
  3021 | D:3      | Found a hazy altar of Hepliaklqana.
  3088 | D:3      | Identified the +10 dagger of Cowardice {vorpal, rF+}
  3176 | D:3      | Noticed Natasha
  3181 | D:3      | Killed Natasha
  3475 | D:4      | Noticed a black bear
  3479 | D:4      | Killed a black bear
  3480 | D:4      | Reached skill level 8 in Axes
  3480 | D:4      | Reached XP level 6. HP: 48/51 MP: 6/6
  3758 | D:4      | Found Ycveudee's Assorted Antiques.
  3763 | D:4      | Noticed Duvessa
  3763 | D:4      | Noticed Dowan
  3778 | D:4      | Reached skill level 9 in Axes
  3812 | D:4      | Noticed Edmund
  3820 | D:4      | Killed Edmund
  3821 | D:4      | Reached XP level 7. HP: 37/57 MP: 7/7
  4103 | D:4      | Reached skill level 10 in Axes
  4699 | D:5      | Entered Level 5 of the Dungeon
  4782 | D:5      | Reached * piety under Beogh
  4812 | D:5      | Noticed Grinder
  4825 | D:5      | Reached skill level 11 in Axes
  4841 | D:5      | Killed Grinder
  4842 | D:5      | Reached skill level 12 in Axes
  4842 | D:5      | Reached XP level 8. HP: 32/64 MP: 8/8
  5284 | D:5      | Found a staircase to the Ecumenical Temple.
  5304 | D:5      | Reached skill level 13 in Axes
  5875 | D:5      | HP: 13/64 [something/magic dart (7)]
  5880 | D:5      | HP: 12/64 [orc wizard/+0 dagger (2)]
  6139 | D:5      | Found Suath's Antique Armour Emporium.
  6147 | D:5      | Bought a pair of embroidered boots for 150 gold pieces
  6244 | D:6      | Found Rorghun's Elemental Accessories.
  6351 | D:6      | Noticed Prince Ribbit
  6366 | D:6      | Killed Prince Ribbit
  6367 | D:6      | Reached skill level 14 in Axes
  6367 | D:6      | Reached XP level 9. HP: 70/70 MP: 9/9
  6648 | D:6      | Reached skill level 15 in Axes
  6808 | D:6      | Noticed Maggie
  6818 | D:6      | Killed Maggie
  7235 | D:6      | HP: 15/70 [water moccasin (5)]
  7242 | D:6      | Reached skill level 16 in Axes
  7640 | D:7      | Reached ** piety under Beogh
  7910 | D:7      | Noticed a troll
  8173 | D:7      | Reached skill level 17 in Axes
  8656 | D:5      | Bought a glowing helmet for 150 gold pieces
  8835 | D:7      | Reached XP level 10. HP: 43/77 MP: 10/10
  9016 | D:7      | Reached skill level 4 in Fighting
  9047 | D:7      | Reached skill level 18 in Axes
  9217 | D:7      | You pick up a book of Scorching and begin reading...
  9217 | D:7      | You add the spells Scorch, Flame Wave and Summon Cactus
                  | Giant to your library.
  9311 | D:7      | You pick up a book of Rime and begin reading...
  9311 | D:7      | You add the spells Frozen Ramparts, Ice Form and Summon Ice
                  | Beast to your library.
  9593 | D:8      | Reached skill level 5 in Fighting
  9594 | D:8      | Identified a +2 robe of the Archmagi
  9594 | D:8      | Noticed Psyche
  9688 | D:8      | Killed Psyche
  9721 | D:8      | Reached skill level 6 in Fighting
  9758 | D:8      | Found a staircase to the Lair.
  9874 | D:8      | HP: 20/84 [killer bee (5)]
  9876 | D:8      | HP: 8/84 [poisoned by a killer bee]
  9953 | D:8      | Reached *** piety under Beogh
  9961 | D:8      | Reached skill level 7 in Fighting
 10087 | D:8      | Noticed Grum
 10103 | D:8      | Killed Grum
 10104 | D:8      | Reached skill level 19 in Axes
 10356 | D:8      | Paralysed by a hornet for 3 turns
 10361 | D:8      | Reached skill level 8 in Fighting
 10691 | D:9      | Reached XP level 11. HP: 76/94 MP: 11/11
 10851 | D:9      | Noticed a two-headed ogre
 10858 | D:9      | Killed a two-headed ogre
 10920 | D:9      | Reached skill level 9 in Fighting
 10974 | D:9      | Noticed Pikel
 10991 | D:9      | Killed Pikel
 11062 | D:9      | Gained Thorok as an ally
 11091 | D:9      | Reached **** piety under Beogh
 11104 | D:9      | Gained Agrik as an ally
 11532 | D:10     | Entered Level 10 of the Dungeon
 11549 | D:10     | Noticed a two-headed ogre
 11554 | D:10     | Killed a two-headed ogre
 11792 | D:10     | Noticed Lodul
 11793 | D:10     | Reached skill level 10 in Fighting
 11801 | D:10     | Reached skill level 20 in Axes
 11817 | D:10     | Killed Lodul
 12595 | D:11     | Noticed a two-headed ogre
 12601 | D:11     | Killed a two-headed ogre
 12602 | D:11     | Reached skill level 11 in Fighting
 12627 | D:11     | Found Kilotyujotam's Weapon Emporium.
 12689 | D:11     | Found a staircase to the Orcish Mines.
 12691 | D:11     | Found Pirom's Weapon Shoppe.
 12844 | D:11     | Noticed a manticore
 12844 | D:11     | Noticed a boulder beetle
 12846 | D:11     | Noticed a two-headed ogre
 12853 | D:11     | Killed a manticore
 12856 | D:11     | Killed a two-headed ogre
 12857 | D:11     | Reached XP level 12. HP: 88/110 MP: 12/12
 12878 | D:11     | Killed a boulder beetle
 13280 | D:12     | Reached skill level 12 in Fighting
 13280 | D:12     | Reached skill level 21 in Axes
 13288 | D:12     | HP: 25/112 [slime creature (6)]
 13412 | D:12     | Reached ***** piety under Beogh
 13483 | D:12     | Found a burning altar of Makhleb.
 13509 | D:12     | Noticed a centaur warrior
 13522 | D:12     | Killed a centaur warrior
 13673 | D:12     | Found a transporter.
 13699 | D:12     | Reached skill level 13 in Fighting
 13767 | D:12     | Noticed a two-headed ogre
 13772 | D:12     | Killed a two-headed ogre
 14110 | D:13     | Noticed a centaur warrior
 14118 | D:13     | Killed a centaur warrior
 14119 | D:13     | Reached skill level 22 in Axes
 14185 | D:13     | Noticed a four-headed hydra
 14223 | D:13     | Noticed a death knight
 14226 | D:13     | HP: 23/116 [death knight/+2 great sword (25)]
 14227 | D:13     | HP: 7/116 [death knight/+2 great sword (12)]
 14228 | D:13     | Demolished by a freezing wraith

Vanquished Creatures
  A boulder beetle (D:11)
  A centaur warrior (D:13)
  5 two-headed ogres
  A deep elf pyromancer (D:12)
  Pikel (D:9)
  An ugly thing (D:12)
  A cyclops (D:13)
  An unseen horror (D:11)
  A kobold demonologist (D:12)
  Maggie (D:6)
  Psyche (D:8)
  3 trolls
  A hornet (D:8)
  Grinder (D:5)
  8 slime creatures
  Prince Ribbit (D:6)
  13 yaks
  2 wraiths
  A shadow (D:12)
  2 wyverns (D:9)
  Grum (D:8)
  A basilisk (D:12)
  A steam dragon (D:7)
  4 vampire mosquitoes
  2 wargs (D:7)
  Edmund (D:4)
  A water moccasin (D:6)
  An acid dragon (D:12)
  4 orc warriors
  4 sky beasts
  3 ice beasts
  A black bear (D:4)
  8 ogres (D:10)
  3 wolves (D:8)
  6 centaurs
  3 lemures (D:9)
  3 bullfrogs
  4 kobold brigands
  4 gnoll sergeants
  4 scorpions
  10 wights
  13 killer bees
  5 howler monkeys
  4 jellies
  4 hounds
  A gnoll bouda (D:7)
  2 orc priests
  Natasha (thrice) (D:3)
  7 iguanas
  12 orc wizards
  2 hell rats (D:12)
  Robin (D:3)
  14 gnolls
  9 adders
  2 shadow imps
  3 white imps
  An ufetubus (D:5)
  2 worms (D:4)
  4 dart slugs
  16 orcs
  5 endoplasms
  2 giant cockroaches (D:2)
  19 goblins
  12 hobgoblins
  12 kobolds
  A quokka (D:4)
  7 ball pythons
  5 bats
  6 frilled lizards
  8 rats
298 creatures vanquished.

Vanquished Creatures (collateral kills)
  A centaur warrior (D:12)
  Lodul (D:10)
  A cyclops (D:12)
  A manticore (D:11)
  A wraith (D:13)
  A vampire (D:12)
  2 yaks (D:12)
  A water moccasin (D:9)
  An acid dragon (D:12)
  An ogre (D:10)
  A centaur (D:12)
  A lemure (D:9)
  A kobold brigand (D:9)
  A killer bee (D:9)
  3 orc wizards (D:9)
  2 hell rats (D:12)
  2 orcs
  4 gnolls (D:9)
26 creatures vanquished.

Vanquished Creatures (others)
  An orc priest (D:10)
  4 orc warriors
  2 orc wizards
  14 orcs
  58 plants
79 creatures vanquished.

Grand Total: 403 creatures vanquished

Table legend:
 A = Non-vault XP
 B = Vault XP
 C = Vault XP percentage of total XP
 D = Non-vault monster count
 E = Vault monster count
 F = Vault count percentage of total count
                 A         B        C        D         E       F
            +---------+---------+-------+---------+---------+-------
      Total |   21031 |    9336 |  30.7 |     224 |      93 |  29.3
            +---------+---------+-------+---------+---------+-------
        D:1 |      33 |       0 |   0.0 |      17 |       0 |   0.0
        D:2 |      42 |       0 |   0.0 |      19 |       0 |   0.0
        D:3 |      98 |      75 |  43.4 |      19 |      14 |  42.4
        D:4 |      76 |     480 |  86.3 |       9 |      17 |  65.4
        D:5 |    1023 |     272 |  21.0 |      25 |       1 |   3.8
        D:6 |     528 |     957 |  64.4 |       8 |       8 |  50.0
        D:7 |     934 |    1392 |  59.8 |      16 |      15 |  48.4
        D:8 |    2180 |    1100 |  33.5 |      27 |      10 |  27.0
        D:9 |    2124 |     927 |  30.4 |      24 |       8 |  25.0
       D:10 |    1924 |    1725 |  47.3 |      12 |      10 |  45.5
       D:11 |    3639 |     115 |   3.1 |      15 |       2 |  11.8
       D:12 |    5354 |    2293 |  30.0 |      24 |       8 |  25.0
       D:13 |    3076 |       0 |   0.0 |       9 |       0 |   0.0
            +---------+---------+-------+---------+---------+-------

Illustrated notes

Table legend:
 A = Kills in this place as a percentage of kills in entire the game.
 B = Kills by you in this place as a percentage of kills by you in the entire game.
 C = Kills by friends in this place as a percentage of kills by friends in the entire game.
 D = Other kills in this place as a percentage of other kills in the entire game.
 E = Experience gained in this place as a percentage of experience gained in the entire game.
 F = Experience gained in this place divided by the number of levels of this place that you have seen.
                   A       B       C       D       E      F
               +-------+-------+-------+-------+-------+----------------------
         Total | 100.0 | 100.0 | 100.0 |   N/A | 100.0 | 2335.9
       Dungeon | 100.0 | 100.0 | 100.0 |   N/A | 100.0 | 2335.9
               +-------+-------+-------+-------+-------+----------------------

Table legend: (Time is in decaauts)
 A = Elapsed time spent in this place.
 B = Non-inter-level travel time spent in this place.
 C = Inter-level travel time spent in this place.
 D = Time resting spent in this place.
 E = Time spent auto-exploring this place.
 F = Levels seen in this place.
 G = Mean time per level.
                   A        B        C        D        E       F      G
               +--------+--------+--------+--------+--------+-----+--------+
         Total |  14263 |  13580 |    683 |   1061 |  10100 |  13 | 1097.2 |
       Dungeon |  14263 |  13580 |    683 |   1061 |  10100 |  13 | 1097.2 |
               +--------+--------+--------+--------+--------+-----+--------+

Top non-repeatable levels by time:
     D:6: 2229 daAuts
     D:5: 1710 daAuts
     D:2: 1465 daAuts
     D:4: 1356 daAuts
     D:8: 1052 daAuts
     D:1: 1040 daAuts
    D:10: 952 daAuts
     D:7: 946 daAuts
     D:3: 939 daAuts
    D:12: 853 daAuts
     D:9: 841 daAuts
    D:11: 780 daAuts
    D:13: 96 daAuts
